Cogmind - Beta 13 @@@ ROGUE MODE // 2024.04.17 @ 20:38:05 Player: darki Result: Destroyed by 8R-AWN with 8R-AWN's Boregun Performance ------------- Evolutions (1) 500 Regions Visited (5) 1000 Robots Destroyed (51) 255 Value Destroyed (1142) 1142 Prototype IDs (5) 100 Alien Tech Used (0) 0 Bonus (138) 138 TOTAL SCORE: 3135 Bonus ------- High Alert Combat Kills 63 Follower Combat Kills 122 Friendly Fire -47 Cogmind --------- Core Integrity 0/400 Matter 91/300 Energy 100/100 System Corruption 5% Temperature Cool (0) Movement Treading (160) Location -9/Exiles Parts ------- > --- POWER (1) -------- (None) > --- PROPULSION (2) --- Light Treads Light Treads > --- UTILITY (4) ------ Large Storage Unit Targeting Computer > --- WEAPON (2) ------- Minigun Minigun > --- INVENTORY (15) --- Light Treads Medium Matter Pod (0) Minigun Grenade Launcher Hammer Peak State ------------ > --- POWER ------------ Cooled Ion Engine > --- PROPULSION ------- Light Treads Light Treads > --- UTILITY ---------- Large Storage Unit Targeting Computer Recoil Stabilizer Insulated Plating > --- WEAPON ----------- Minigun Minigun > --- INVENTORY -------- Nuclear Core Fission Core Fission Core Light Treads Light Treads Light Treads Insulated Plating Insulated Plating Minigun Minigun Grenade Launcher Hammer Heavy Explosive Trap Heavy Explosive Trap [Rating: 22] Favorites ----------- Power Cooled Ion Engine Engine Cooled Ion Engine Propulsion Light Treads Treads Light Treads Leg Aluminum Leg Utility Targeting Computer Device Recoil Stabilizer Storage Large Storage Unit Processor Targeting Computer Protection Insulated Plating Weapon Light Cannon Energy Gun EM Pulse Gun Ballistic Gun Minigun Ballistic Cannon Light Cannon Launcher Rocket Launcher Build | -11 -10 -10 -9 -9 -9 ------- Run | Yrd Mat Min Mat Min Exi Slots Evolved 2 | . . . 2 . . Power . | . . . . . . Propulsion . | . . . . . . Utility 2 | . . . 2 . . Weapon . | . . . . . . Parts Attached 39 | . 8 . 19 . 12 Power 1 | . . . 1 . . Engine 1 | . . . 1 . . Core . | . . . . . . Reactor . | . . . . . . Propulsion 8 | . 2 . 4 . 2 Treads 8 | . 2 . 4 . 2 Leg . | . . . . . . Wheel . | . . . . . . Hover . | . . . . . . Flight . | . . . . . . Utility 12 | . 4 . 5 . 3 Device 4 | . 2 . 2 . . Storage 1 | . 1 . . . . Processor 2 | . 1 . 1 . . Hackware . | . . . . . . Protection 5 | . . . 2 . 3 Artifact . | . . . . . . Weapon 18 | . 2 . 9 . 7 Energy Gun . | . . . . . . Energy Cannon . | . . . . . . Ballistic Gun 6 | . . . 2 . 4 Ballistic Cannon 8 | . 2 . 4 . 2 Launcher 4 | . . . 3 . 1 Special Weapon . | . . . . . . Impact Weapon . | . . . . . . Slashing Weapon . | . . . . . . Piercing Weapon . | . . . . . . Special Melee Weapon . | . . . . . . Unidentified Prototypes 1 | . . . 1 . . Parts Lost 14 | . . . 3 . 11 Power 1 | . . . . . 1 Propulsion 2 | . . . . . 2 Utility 6 | . . . 1 . 5 Weapon 5 | . . . 2 . 3 Highest Loss Streak 9 | . . . 1 . 9 To Critical Strikes 3 | . . . . . 3 Average Slot Usage (%) 92 | . 97 100 96 100 79 Engine 11 | . 14 14 11 11 10 Treads 23 | . 26 28 22 22 21 Device 8 | . 8 . 6 11 9 Storage 12 | . 14 14 11 11 11 Processor 10 | . 3 14 16 11 11 Protection 6 | . . . 7 11 11 Ballistic Gun 2 | . . . 3 . 3 Ballistic Cannon 16 | . 26 28 18 22 . Naked Turns . | . . . . . . Heaviest Build 40 | 14 31 31 38 38 40 Greatest Support 40 | 20 40 40 40 40 40 Greatest Overweight (x) . | . . . . . . Average Overweight (x) . | . . . . . . Largest Inventory Capacity 15 | . 15 15 15 15 15 Average Capacity 13 | . 9 15 15 15 15 Most Carried 15 | . 11 13 15 15 15 Average Carried 11 | . 7 11 14 14 12 Final Capacity 15 | 8 15 15 15 15 15 Final Carried 15 | 6 11 13 15 15 5 Class Distribution -------------------- 90% | Mutant 9% | Scavenger-Mutant Dominant Class ---------------- Mutant | -10/Materials Mutant | -10/Mines Mutant | -9/Materials Mutant | -9/Mines Mutant | -9/Exiles Resources | -11 -10 -10 -9 -9 -9 ----------- Run | Yrd Mat Min Mat Min Exi Matter Collected 1881 | 200 668 79 539 182 213 Remotely 443 | . 238 . 205 . . Salvage Created 1151 | . 524 36 528 61 2 Parts 84 | . 40 3 38 3 . Haulers Intercepted 8 | . 2 . 6 . . Recyclers Shooed . | . . . . . . Parts Field Recycled . | . . . . . . Retrieved Matter . | . . . . . . Parts Self-Destructed . | . . . . . . Prevented . | . . . . . . Kills | -11 -10 -10 -9 -9 -9 ------- Run | Yrd Mat Min Mat Min Exi Combat Hostiles Destroyed 36 | . 12 3 12 4 5 Guns 2 | . . . . . 2 Cannons 25 | . 12 3 6 4 . AOE 9 | . . . 6 . 3 Classes Destroyed 9 | . 6 1 1 1 . Worker 2 | . 2 . . . . Builder 2 | . 1 . 1 . . Hauler 8 | . 2 . 6 . . Operator 6 | . 3 . 3 . . Watcher 4 | . 3 . 1 . . Swarmer 7 | . . 3 4 . . Grunt 18 | . 12 . 4 2 . Sentry 4 | . . . 4 . . Assembled 7 | . . . . 2 5 Best Kill Streak 6 | . 3 3 6 2 5 Combat Bots Only 5 | . 3 3 4 2 5 Max Kills in Single Turn 3 | . 2 2 3 1 2 Gunslinging . | . . . . . . Exploded 2 | . . . 2 . 2 Melee . | . . . . . . Uniques/NPCs Destroyed . | . . . . . . Combat | -11 -10 -10 -9 -9 -9 -------- Run | Yrd Mat Min Mat Min Exi Hostile Shots Fired 222 | . 39 6 57 14 106 Missed 56 | . 13 3 16 3 21 Damage Taken 2697 | . 347 21 637 188 1504 Core 490 | . 78 . 113 . 299 Absorbed by Shields . | . . . . . . Core Remaining (%) 84 | 100 . 68 . . . Volleys Fired 159 | . 55 4 47 12 41 Largest 2 | . 2 2 2 2 2 Hottest 70 | . 70 70 70 70 60 Shots Fired 310 | . 110 8 93 22 77 Gun 76 | . 2 . 7 . 67 Cannon 226 | . 108 8 80 22 8 Launcher 8 | . . . 6 . 2 Special . | . . . . . . Kinetic 301 | . 109 8 87 22 75 Thermal . | . . . . . . Explosive 8 | . . . 6 . 2 Electromagnetic 1 | . 1 . . . . Robot Hit Streak 18 | . 9 4 7 5 18 Robot Miss Streak 4 | . 4 2 4 2 2 Penetration Max . | . . . . . . Secondary Targets 1 | . . . . . 1 Max Gunslinging Chain 1 | . . . . . 1 Shots Hit Robots 200 | . 61 4 62 14 59 Core Hits 82 | . 25 4 30 6 17 Critical Kills . | . . . . . . Critical Parts Destroyed . | . . . . . . Critical Strikes 3 | . 2 . 1 . . Blast 3 | . 2 . 1 . . Melee Attacks . | . . . . . . Impact . | . . . . . . Slashing . | . . . . . . Piercing . | . . . . . . Sneak Attacks . | . . . . . . Combat Hostiles . | . . . . . . Follow-up Attacks . | . . . . . . Damage Inflicted 4297 | . 1089 98 1558 250 1302 Guns 985 | . 15 . 87 . 883 Cannons 2421 | . 1050 98 919 250 104 Explosions 832 | . 24 . 552 . 256 Melee . | . . . . . . Ramming 59 | . . . . . 59 Kinetic 3391 | . 1050 98 1006 250 987 Thermal 24 | . 24 . . . . Explosive 808 | . . . 552 . 256 Electromagnetic 15 | . 15 . . . . Impact . | . . . . . . Slashing . | . . . . . . Piercing . | . . . . . . Highest Corruption 5 | . . . 4 4 5 Average Corruption 4 | . . . 4 4 4 Corruption Purged . | . . . . . . Corruption Blocked . | . . . . . . Effects 62 | . . . 17 12 33 Message Errors 7 | . . . 2 1 4 Matter Fused 19 | . . . 5 4 10 Heat Flow Errors 10 | . . . 3 1 6 Energy Discharges 7 | . . . 2 . 5 Parts Fused 1 | . . . . . 1 Data Loss (minor) 11 | . . . 4 2 5 Data Loss (major) 4 | . . . 1 1 2 Alerts 1 | . . . . 1 . Weapon Failures 2 | . . . . 2 . Overload Shots . | . . . . . . Overflow Damage 59 | . 15 . 35 9 . Projectiles 35 | . 15 . 11 9 . Explosions 24 | . . . 24 . . Melee . | . . . . . . Knockbacks 27 | . 16 . 2 6 3 Impact . | . . . . . . Kinetic 25 | . 15 . 2 5 3 Secondary 2 | . 1 . . 1 . Self-Inflicted Damage 31 | . 31 . . . . Shots 1 | . 1 . . . . Rammed 19 | . . . . . 19 Targets Rammed 19 | . . . . . 19 Kicked . | . . . . . . Crushed . | . . . . . . Highest Temperature 292 | . 107 18 206 219 292 Average Temperature 60 | . 30 10 43 44 112 Received Heat Transfer 476 | . 177 . 216 83 . Siege Activations . | . . . . . . Robots Corrupted . | . . . . . . Combat Hostiles . | . . . . . . Parts Fried 1 | . 1 . . . . Impact Corruptions . | . . . . . . Robots Melted . | . . . . . . Combat Hostiles . | . . . . . . Parts Melted . | . . . . . . Heat Transferred 50 | . 50 . . . . Parts Sabotaged . | . . . . . . Parts Stolen . | . . . . . . Parts Stripped . | . . . . . . Power Chain Reactions 1 | . 1 . . . . Alert | -11 -10 -10 -9 -9 -9 ------- Run | Yrd Mat Min Mat Min Exi Peak Influence 656 | . 242 137 656 213 . Initial 163 | . . 56 53 163 . Average 245 | . 103 75 438 206 . Maximum Alert Level 2 | . 1 . 2 1 . Low Security (%) 46 | . 86 100 3 14 . Level 1 23 | . 13 . 18 85 . Level 2 30 | . . . 77 . . Level 3 . | . . . . . . Level 4 . | . . . . . . Level 5 . | . . . . . . High Security . | . . . . . . Max Security . | . . . . . . Squads Dispatched 5 | . 3 . 2 . . Investigation 1 | . 1 . . . . Extermination . | . . . . . . Reinforcement 4 | . 2 . 2 . . Assault . | . . . . . . Garrison . | . . . . . . Intercept . | . . . . . . Searches Triggered . | . . . . . . Construction Impeded . | . . . . . . Haulers Reinforced . | . . . . . . Active Scanning Responses . | . . . . . . Cargo Convoy Interrupts . | . . . . . . Stealth | -11 -10 -10 -9 -9 -9 --------- Run | Yrd Mat Min Mat Min Exi Distress Signals 1 | . . . 1 . . Communications Jammed . | . . . . . . Distress Signals . | . . . . . . Times Spotted 73 | . 26 3 32 4 8 Peak Tracking Total 9 | . 3 3 9 2 9 Tactical Retreats 1 | . . . 1 . . Traps | -11 -10 -10 -9 -9 -9 ------- Run | Yrd Mat Min Mat Min Exi Traps Triggered 2 | . 1 . 1 . . Indirectly . | . . . . . . Trap Hack Attempts . | . . . . . . Triggered . | . . . . . . Disarmed . | . . . . . . Reprogrammed 4 | . . . 4 . . Reused 1 | . . . . . 1 Traps Extracted . | . . . . . . Installed 2 | . . . . . 2 Triggered . | . . . . . . Most Traps Carried 2 | . . . . 2 2 Machines | -11 -10 -10 -9 -9 -9 ---------- Run | Yrd Mat Min Mat Min Exi Machines Disabled 7 | . 2 . 2 . 3 Max in Single Turn 1 | . 1 . 1 . 1 Machines Repaired . | . . . . . . Machines Dismantled . | . . . . . . Machines Sabotaged . | . . . . . . Overloaded Fab Kills . | . . . . . . Hacking | -11 -10 -10 -9 -9 -9 --------- Run | Yrd Mat Min Mat Min Exi Machines Accessed 12 | . 8 . 3 . 1 Terminals 11 | . 8 . 3 . . Fabricators . | . . . . . . Repair Stations . | . . . . . . Recycling Units . | . . . . . . Scanalyzers . | . . . . . . Garrison Access . | . . . . . . Total Hacks 31 | . 19 . 8 . 4 Successful 23 | . 13 . 6 . 4 Failed 8 | . 6 . 2 . . Catastrophic 3 | . 3 . . . . Database Lockouts . | . . . . . . Manual 19 | . 14 . 5 . . Terminals 27 | . 19 . 8 . . Fabricators . | . . . . . . Repair Stations . | . . . . . . Recycling Units . | . . . . . . Scanalyzers . | . . . . . . Garrison Access . | . . . . . . Terminal Hacks 11 | . 4 . 3 . 4 Record 4 | . . . . . 4 Prototype ID Bank 2 | . 2 . . . . Locate Traps 3 | . 2 . 1 . . Reprogram Traps 1 | . . . 1 . . Zone Layout 1 | . . . 1 . . Fabricator Hacks . | . . . . . . Repair Station Hacks . | . . . . . . Recycling Unit Hacks . | . . . . . . Scanalyzer . | . . . . . . Garrison Access Hacks . | . . . . . . Unauthorized Hacks 12 | . 9 . 3 . . Terminals 12 | . 9 . 3 . . Botnet 10 | . 7 . 3 . . Disrupt 2 | . 2 . . . . Fabricators . | . . . . . . Repair Stations . | . . . . . . Recycling Units . | . . . . . . Scanalyzers . | . . . . . . Garrison Access . | . . . . . . Data Cores Recovered 3 | . 1 . 2 . . Used . | . . . . . . Hacking Detections 7 | . 5 . 2 . . Full Trace Events . | . . . . . . Feedback Events . | . . . . . . Feedback Blocked . | . . . . . . Robot Schematics Acquired . | . . . . . . Robots Built . | . . . . . . Authchips . | . . . . . . Time . | . . . . . . Total Robot Build Rating . | . . . . . . Part Schematics Acquired . | . . . . . . Parts Built . | . . . . . . Authchips . | . . . . . . Time . | . . . . . . Total Part Build Rating . | . . . . . . Parts Repaired . | . . . . . . Time . | . . . . . . Parts Recycled . | . . . . . . Recycled Matter . | . . . . . . Retrieved Matter . | . . . . . . Retrieved Components . | . . . . . . Parts Scanalyzed . | . . . . . . Part Schematics Acquired . | . . . . . . Parts Damaged . | . . . . . . Bothacking | -11 -10 -10 -9 -9 -9 ------------ Run | Yrd Mat Min Mat Min Exi Used RIF Installer . | . . . . . . Robots Hacked . | . . . . . . Non-combat . | . . . . . . Combat . | . . . . . . Robot Hacks Applied . | . . . . . . Relay Couplers Released . | . . . . . . Fabnet Peak Effective % . | . . . . . . Robots Rewired . | . . . . . . Allies Hacked . | . . . . . . Hacks Repelled . | . . . . . . Allies | -11 -10 -10 -9 -9 -9 -------- Run | Yrd Mat Min Mat Min Exi Total Allies 3 | . . 3 . . . Largest Group 3 | . . 3 3 . . Highest-Rated Group 40 | . . 40 40 . . Highest-Rated Ally 16 | . . 16 16 . . Total Orders . | . . . . . . Ally Attacks 58 | . . 1 57 . . Total Damage 454 | . . 13 441 . . Kills 11 | . . . 11 . . Allies Corrupted . | . . . . . . Allies Melted . | . . . . . . Intel | -11 -10 -10 -9 -9 -9 ------- Run | Yrd Mat Min Mat Min Exi Robot Analysis Total . | . . . . . . Derelict Logs Recovered 3 | . . 1 . 2 . Drone Launches . | . . . . . . Drone Recoveries . | . . . . . . Exploration | -11 -10 -10 -9 -9 -9 ------------- Run | Yrd Mat Min Mat Min Exi Turns Passed 4643 | . 1486 103 1265 377 1412 Spaces Moved 2409 | 1 762 56 658 165 767 Core . | . . . . . . Treads 2355 | . 709 56 658 165 767 Legs 54 | 1 53 . . . . Wheels . | . . . . . . Hover . | . . . . . . Flight . | . . . . . . Fastest Speed 120 | 120 120 160 160 160 160 Average Speed 159 | 120 157 160 160 160 160 Slowest Speed 160 | 120 160 160 160 160 160 Overloaded Moves . | . . . . . . Propulsion Burnouts . | . . . . . . Robots Hopped . | . . . . . . Cave-ins Triggered . | . . . . . . Exploration Rate (%) 45 | 2 92 16 67 35 60 Regions Visited 5 Branch Regions 3 Pre-discovered Areas 1 | . . . . . 1 Known Exits Taken 1 | . . . 1 . . Unknown Exits Taken 4 | 1 1 1 . 1 . Scrap Searched 1 | . . 1 . . . Spaces Dug . | . . . . . . Terrain Destroyed 55 | . 2 . 43 . 10 Melee . | . . . . . . Projectile . | . . . . . . AOE 55 | . 2 . 43 . 10 Terrain Rammed . | . . . . . . Walls Destroyed . | . . . . . . Machines Disabled . | . . . . . . Actions | -11 -10 -10 -9 -9 -9 --------- Run | Yrd Mat Min Mat Min Exi Total 2922 | . 942 62 781 255 882 Wait 223 | . 100 1 32 75 15 Move 2404 | . 761 55 657 164 767 Hop . | . . . . . . Pick Up 32 | . 6 2 11 2 11 Fast Attach 15 | . 7 . 6 . 2 Attach 10 | . . . 2 . 8 Detach 4 | . 4 . . . . Swap 14 | . 1 . 11 . 2 Drop 40 | . 8 . 15 2 15 Fire 159 | . 55 4 47 12 41 Melee . | . . . . . . Ram . | . . . . . . Kick . | . . . . . . Crush 19 | . . . . . 19 Escape Stasis . | . . . . . . Rewire . | . . . . . . Trap 2 | . . . . . 2 Miscellaneous . | . . . . . . Route ------- -11/Scrapyard -10/Materials (discovered 5 exits: *Mat x3 / [*Min x2]) -10/Mines -9/Materials (discovered 3 exits: *Mat x2 / *Min) -9/Mines -9/Exiles (discovered 1 exit: [*Min]) History --------- Turn | Location | Event 1 | -11/Scrapyard | Discovered new exit (range 0) 1 | -11/Scrapyard | Entered Materials 1 | -10/Materials | Discovered new exit (range 15) 134 | -10/Materials | Discovered new exit (range 8) 314 | -10/Materials | Build established: Mutant 459 | -10/Materials | Discovered new exit (range 15) 816 | -10/Materials | Discovered new exit (range 15) 1149 | -10/Materials | Discovered new exit (range 16) 1487 | -10/Materials | Entered Mines 1491 | -10/Mines | Assisted by bots powering up and referring to "LRC-V3" 1551 | -10/Mines | Learned 8 Materials zone layouts 1556 | -10/Mines | Discovered new exit (range 13) 1573 | -10/Mines | Received a Rocket Launcher from a helpful Derelict 1590 | -10/Mines | Entered Materials 1590 | -9/Materials | Accompanied by 3 allies 1590 | -9/Materials | Evolved 2 slots: Utility x2 1591 | -9/Materials | Identified exit to Materials 1591 | -9/Materials | Identified exit to Mines 2230 | -9/Materials | Build established: Scavenger-Mutant 2594 | -9/Materials | Discovered exit to Materials (range 16) 2646 | -9/Materials | Build established: Mutant 2855 | -9/Materials | Entered Mines 2867 | -9/Mines | Met a Derelict bent on vengeance 2974 | -9/Mines | Found a hidden stash of uninstalled traps 2988 | -9/Mines | Assembled infested the area 3026 | -9/Mines | Learned Materials stockpile data 3078 | -9/Mines | Learned Materials stockpile data 3224 | -9/Mines | Deemed a non-threat by the Exiles lab entrance 3225 | -9/Mines | Discovered new exit (range 5) 3232 | -9/Mines | Entered Exiles 3280 | -9/Exiles | Met 8R-AWN 3302 | -9/Exiles | Met EX-HEX 3366 | -9/Exiles | Met EX-DEC 3377 | -9/Exiles | Learned location of Zion (-6) 4046 | -9/Exiles | Discovered new exit (range 15) 4201 | -9/Exiles | Met EX-BIN 4388 | -9/Exiles | Attacked by the Exiles 4507 | -9/Exiles | Core integrity fell below 50% 4574 | -9/Exiles | Core integrity fell below 20% 4644 | -9/Exiles | Destroyed by 8R-AWN with 8R-AWN's Boregun Last Messages --------------- 04616_ System corrupted: Heat flow error (+173). 04616_ HV Slug penetrates Wall. 04616_ Penetrated by HV Slug. 04616_ Cld. Ion Engine destroyed. 04616_ HV Slug penetrates Wall. 04620_ HV Slug penetrates Machine. 04620_ Penetrated by HV Slug. 04620_ HV Slug penetrates Machine. 04624_ Penetrated by HV Slug. 04624_ HV Slug penetrates Wall. 04624_ Penetrated by HV Slug. 04624_ HV Slug penetrates Wall. 04634_ Extracted 50 matter. 04636_ System corrupted: Component data lost. 04636_ Extracted 50 matter. 04639_ Penetrated by HV Slug. 04639_ HV Slug penetrates Wall. 04639_ Penetrated by HV Slug. 04639_ HV Slug penetrates Wall. 04644_ Penetrated by HV Slug. Map ----- +----------------------------------------------------+ | ?????????????????????????????????????????????????? | | ?????????????????????????????????????????????????? | | ?????????????????????????????????????????????????? | | ?????????????????????????????????????????????????? | | ?????????????????????????????????????????????????? | | ?????????????????????????????????????????????????? | | ?????????????????????????????????????????????????? | | ?????????????????????????????????????????????????? | | ?????????????????????????????????????????????????? | | ?????????????????????????????????????????????????? | | ?????????????????????????????????????????????????? | | ?????????????????????????????????????????????????? | | ?????????????????????????????????????????????????? | | ?????????????????????????????????????????????????? | | ?????????????????????????????????????????????????? | | ?????????????????????????????????????????????????" | | ????????????????????????????????????????????????#" | | ????????????????????????????????????????????????#" | | ????????????????????????????????????????????????#" | | ????????????????????????????????????????????????#" | | ?????????????????????????????????????????????????# | | ?????????????????????????????????????????????????? | | ?????????????????????????????????????????????????? | | ???????????????????????????##????????????????????? | | ???????????????????????####;##???????????????????? | | ???????? ######???????#!@! "#???????????????????? | | ???????? #""#??????# "#???????????????????? | | ???????? ??????# #???????????????????? | | ???????" ##???## "#????????????##?????? | | ???????" ##### "#???????????? """??? | | ????????# "# "#????????????" """#?? | | ?????????# " "g ###????????????" ??? | | ????????????# #?##??????????"" ??? | | ????????????#### ## ###????????"" "#?? | | ???????????????## " ###??????? ""??? | | ?????????####### # #????????" "???? | | ?????????# !! " ##????????# #???? | | ?????????#! # ^ "##???### ###?# | | ?????????#! ; #####X# #"### | | ????######! # """" | | ????# " ! % ######" "" " | | ????######"#""""####????## " | | ?????????## ##?????????#### | | ????????# # ##?????????????### | | ???????# ####????????????????## | | ?????? #?????????????????????## | | ????# ##???????????????????????##" | | ???? ##??????????????????????????#""" | | ????#?????????????????????????????#" | | ?????????????????????????????????#"" | +----------------------------------------------------+ Best States ------------- Heat Dissipation 28 Energy Generation 14 Energy Capacity 280 Matter Stores 300 Matter Capacity 300 Sight Range 16 Terrain Scan Density 10 Armor Coverage 300 Resistance: EM 15 Evasion (%) 55 Targeting Accuracy 5 Recoil Reduction 6 Item Schematics ----------------- None Robot Schematics ------------------ None Fabricated ------------ Nothing Alien Tech Used ----------------- None Achievements -------------- None Challenges ------------ None Game ------ Seed StasisEnergyArmor Manual? 0 Play Time 00:22:54 Cumulative 220.6 hours Start 2024.04.17 @ 20:16:06 End 2024.04.17 @ 20:38:05 Sessions 1 Manual Loads 0 Difficulty Rogue Special Mode None Game No. 218 Rogue 218 Adventurer 0 Explorer 0 Win Type - Total 6 Types 4/0/0/1/1/0/0/0/0 Lore% 69 Gallery% 78 Achievement% 65 Wizard Run 0 Options --------- Layout 0 ASCII 0 Keyboard 0 Movement Numpad Keybinds 0 Fullscreen 2 Font 18/SmallcapsGlow Map View 76x50 Zoom Use 0% Tactical HUD 1 Map Filters NONE Filters NONE Steam 1 RUN: 4503b013-2c59-48e3-9500-7696c671fb30